 Dungeon Crawl Stone Soup version 0.24-a0-504-gcfb02b9d07 (webtiles) character file.

Game seed: 594267552421438025

6 OneStupidFool the Grasshopper (level 1, -2/11 HPs)
             Began as a Vine Stalker Warper on July 17, 2019.
             Slain by a gnoll
             ... wielding a +0 halberd
              (9 damage)
             ... on level 1 of the Dungeon.
             The game lasted 00:01:47 (515 turns).

OneStupidFool the Grasshopper (Vine Stalker Warper)  Turns: 515, Time: 00:01:47

Health: -2/11      AC:  3    Str: 13    XL:     1   Next: 90%
Magic:  0/4        EV: 11    Int: 13    God:
Gold:   12         SH:  0    Dex: 13    Spells: 4/4 levels left

rFire    . . .     SeeInvis .   a - +0 hand axe
rCold    . . .     Gourm    .   (no shield)
rNeg     . . .     Faith    .   b - +0 leather armour
rPois    .         Spirit   +   (no helmet)
rElec    .         Reflect  .   (no cloak)
rCorr    .         Harm     .   (no gloves)
MR       .....                  (no boots)
Stlth    +.........             (no amulet)
HPRegen  0.03/turn              (no ring)
MPRegen  0.09/turn              (no ring)

@: no status effects
A: fangs 2, magic shield, antimagic bite, no potion heal 3, rot immunity
a: no special abilities


You were on level 1 of the Dungeon.
You were not hungry.

You visited 1 branch of the dungeon, and saw 1 of its levels.

You collected 12 gold pieces.

Inventory:

Hand Weapons
 a - a +0 hand axe (weapon)
Missiles
 e - 2 boomerangs of dispersal (quivered)
 h - 2 stones
Armour
 b - a +0 leather armour (worn)
Jewellery
 j - an uncursed amulet of rage {unknown}
 k - an uncursed amulet of faith {unknown}
Scrolls
 d - a scroll of blinking
 g - a scroll of identify {unknown}
Potions
 c - a potion of agility {unknown}
Comestibles
 f - a ration
 i - 2 chunks of flesh


   Skills:
 - Level 1.7 Fighting
 + Level 2.3 Axes
 - Level 0.8 Throwing
 - Level 0.7 Armour
 - Level 1.5 Dodging
 - Level 2.1 Spellcasting
   Level 3.0 Translocations


You had 4 spell levels left.
You didn't know any spells.
Your spell library contained the following spells:

 Spells                   Type           Power        Failure   Level  Hunger
 Blink                    Tloc           N/A          14%         2    ###....
 Shroud of Golubria       Chrm/Tloc      #.....       26%         2    ###....
 Gell's Gravitas          Tloc           #.........   28%         3    ####...
 Lesser Beckoning         Tloc           #.........   28%         3    ####...
 Teleport Other           Tloc           #.......     28%         3    ####...
 Passage of Golubria      Tloc           N/A          67%         4    #####..


Dungeon Overview and Level Annotations

Branches:
Dungeon (1/15)

Altars:


Innate Abilities, Weirdness & Mutations

You have extremely sharp teeth.
When hurt, damage is shared between your health and your magic reserves.
Your bite disrupts and absorbs the magic of your enemies.
Potions cannot restore your health.
You are immune to rotting.


Message History

Unknown command.
Throwing (i - inventory. (/) - cycle)
e - 5 boomerangs of dispersal (quivered)
Press: ? - help, Shift-Dir - straight line, f - gnoll
Aim: a gnoll, wielding a +0 halberd You throw a boomerang of dispersal.
The boomerang of dispersal hits the gnoll but does no damage.
Throwing (i - inventory. (/) - cycle)
e - 4 boomerangs of dispersal (quivered)
Press: ? - help, Shift-Dir - straight line, f/p - gnoll
Aim: a gnoll, wielding a +0 halberd You throw a boomerang of dispersal.
The boomerang of dispersal hits the gnoll but does no damage.
The gnoll closely misses you.
Throwing (i - inventory. (/) - cycle)
e - 3 boomerangs of dispersal (quivered)
Press: ? - help, Shift-Dir - straight line, f/p - gnoll
Aim: a gnoll, wielding a +0 halberd You throw a boomerang of dispersal.
The boomerang of dispersal hits the gnoll but does no damage.
The gnoll hits you from afar with a +0 halberd!
Ouch! That really hurt!
You die...

###### #....# #.##.#
########## #.##.#
#........#
#####..#.####.######.#
.................# #.#
#####....####.##@# #.#
### #....# #g##.# #.#
..# #.....# #.##g###.#
#.# #....## #........#
#.# ###.## ####.#####
#.# #.# #.##### #.#
#.# #.....# #.#
#.###.# #.# #.#


You could see a gnoll.

Vanquished Creatures
  A dart slug (D:1)
  2 kobolds (D:1)
  2 rats (D:1)
5 creatures vanquished.

Notes
Turn   | Place    | Note
-------+----------+-------------------------------------------
     0 | D:1      | OneStupidFool the Vine Stalker Warper began the quest for
                  | the Orb.
     0 | D:1      | Reached XP level 1. HP: 11/11 MP: 4/4
   515 | D:1      | Slain by a gnoll

Levels and vault maps discovered:
D:1:      mainiacjoe_arrival_reflecting_pool, layout_loops_corners, minivault_24

Skill      XL: |  1 |
---------------+----+-----
Axes           | 2 |  2.3
Fighting       | |  1.7
Throwing       | |  0.8
Armour         | |  0.7
Dodging        | |  1.5
Spellcasting   | |  2.1
Translocations | |  3.0

Action                   || total
-------------------------++-------
Melee: Hand axe          ||    17
       Bite              ||     2
Throw: Boomerang         ||     3
Armor: Leather armour    ||     3
Dodge: Dodged            ||    10

Table legend:
 A = Non-vault XP
 B = Vault XP
 C = Vault XP percentage of total XP
 D = Non-vault monster count
 E = Vault monster count
 F = Vault count percentage of total count
                 A         B        C        D         E       F
            +---------+---------+-------+---------+---------+-------
      Total |       9 |       0 |   0.0 |       5 |       0 |   0.0
            +---------+---------+-------+---------+---------+-------
        D:1 |       9 |       0 |   0.0 |       5 |       0 |   0.0
            +---------+---------+-------+---------+---------+-------
